 Dungeon Crawl Stone Soup version 0.24-a0 (webtiles) character file.

180172 Firecrotchwizard the Severer (level 17, -9/166 HPs)
             Began as a Hill Orc Fighter on Jan 27, 2019.
             Was the Champion of Makhleb.
             Drowned by a drowned soul (14 damage)
             ... summoned by a merfolk avatar
             ... on level 4 of the Shoals on Jan 30, 2019.
             The game lasted 01:43:56 (31039 turns).

Firecrotchwizard the Severer (Hill Orc Fighter)    Turns: 31039, Time: 01:43:56

Health: -9/166     AC: 35    Str: 28    XL:     17   Next: 91%
Magic:  27/27      EV: 11    Int: 12    God:    Makhleb [******]
Gold:   876        SH:  0    Dex: 13    Spells: 16/16 levels left

rFire    . . .     SeeInvis .   Y - +7 battleaxe (freeze)
rCold    . . .     Gourm    .   (shield currently unavailable)
rNeg     . . .     Faith    .   n - +0 plate armour
rPois    .         Spirit   .   t - +2 helmet
rElec    .         Reflect  .   D - +1 cloak
rCorr    .         Harm     .   V - +2 pair of gloves {archery}
MR       ++...                  c - +2 pair of boots {run}
Stlth    ..........             T - amulet of regeneration {+regen, !d}
HPRegen  0.77/turn              B - ring of Robustness {AC+8}
MPRegen  0.20/turn              a - ring of Myarry {MR+ Str+2 Int+4 Dex+3 Stlth+}

@: heavily drained, very slow
A: no striking features
}: 1/15 runes: gossamer
a: Minor Destruction, Lesser Servant of Makhleb, Major Destruction, Greater
Servant of Makhleb, Renounce Religion


You were on level 4 of the Shoals.
You worshipped Makhleb.
Makhleb was exalted by your worship.
You were not hungry.

You visited 6 branches of the dungeon, and saw 31 of its levels.
You also visited: Trove and Ice Cave.

You collected 2975 gold pieces.
You spent 2099 gold pieces at shops.

Inventory:

Hand Weapons
 L - the +2 broad axe "Hejucud" {flame, Str+2 Int+5}
   (You found it on level 1 of the Lair of Beasts)

   It has been specially enchanted to burn those struck by it, causing extra
   injury to most foes and up to half again as much damage against particularly
   susceptible opponents.
   Big, fiery blades are also staple armaments of hydra-hunters.
   It affects your strength (+2).
   It affects your intelligence (+5).
 Y - a +7 battleaxe of freezing (weapon)
   (You found it in an ice cave)
Missiles
 H - a throwing net {=f, !d}
 O - 5 curare-tipped needles
Armour
 c - a +2 pair of boots of running (worn)
   (You bought it in a shop on level 11 of the Dungeon)
 n - a +0 plate armour (worn)
   (You took it off a kobold on level 2 of the Dungeon)
 t - a +2 helmet (worn)
   (You found it on level 1 of the Lair of Beasts)
 D - a +1 cloak (worn)
   (You found it on level 3 of the Lair of Beasts)
 V - a +2 pair of gloves of archery (worn)
   (You bought it in a shop on level 2 of the Orcish Mines)
Jewellery
 a - the ring of Myarry (right hand) {MR+ Str+2 Int+4 Dex+3 Stlth+}
   (You found it on level 11 of the Dungeon)

   [ring of intelligence]

   It affects your strength (+2).
   It affects your intelligence (+4).
   It affects your dexterity (+3).
   It affects your resistance to hostile enchantments.
   It makes you more stealthy.
 B - the ring of Robustness (left hand) {AC+8}
   (You found it on level 9 of the Dungeon)

   [ring of protection]

   It affects your AC (+8).
 K - the ring of Reimbursement {+Fly Int+3 Dex+3}
   (You found it on level 9 of the Dungeon)

   [ring of flight]

   It affects your intelligence (+3).
   It affects your dexterity (+3).
   It lets you fly.
 P - an uncursed ring of fire {rF+, rC-}
   (You found it on level 2 of the Lair of Beasts)
 S - an uncursed ring of poison resistance {rPois, !d}
   (You found it on level 3 of the Lair of Beasts)
 T - an amulet of regeneration (around neck) {+regen, !d}
   (You bought it in a shop on level 2 of the Orcish Mines)
Wands
 E - a wand of iceblast (6)
   (You found it on level 8 of the Dungeon)
 G - a wand of scattershot (11)
   (You found it in a treasure trove)
 I - a wand of flame (40)
   (You found it on level 4 of the Spider Nest)
 M - a wand of digging (7)
   (You found it on level 8 of the Dungeon)
 N - a wand of clouds (7)
   (You found it on level 2 of the Shoals)
 Q - a wand of disintegration (32)
   (You found it on level 2 of the Lair of Beasts)
Scrolls
 e - 16 scrolls of identify
 h - 8 scrolls of noise {!r}
 o - 4 scrolls of fog
 p - 16 scrolls of teleportation
 s - a scroll of brand weapon
 u - a scroll of amnesia
 v - 14 scrolls of remove curse
 x - 2 scrolls of fear
 y - 5 scrolls of blinking {!r}
 A - a scroll of silence
 X - a scroll of enchant armour
Potions
 b - a potion of invisibility
 d - 6 potions of cancellation
 g - 2 potions of berserk rage {!q}
 i - 3 potions of heal wounds
 j - 6 potions of flight
 k - 5 potions of mutation {!q}
 l - 4 potions of ambrosia
 m - 3 potions of haste
 w - a potion of might
 z - 7 potions of lignification {!q}
 C - 6 potions of brilliance
 F - 3 potions of magic
 R - 4 potions of agility
 U - 3 potions of resistance
 W - a potion of curing
Miscellaneous
 q - a fan of gales
   (You found it on level 1 of the Lair of Beasts)
 r - a sack of spiders
 J - 2 boxes of beasts
Comestibles
 f - 30 rations


   Skills:
 + Level 18.3(15.6) Fighting
 - Level 20.0(17.1) Axes
 + Level 12.6(10.1) Armour
 + Level 9.6(7.3) Dodging
   Level 12.7(10.2) Shields
 - Level 14.1(11.6) Invocations


You had 16 spell levels left.
You didn't know any spells.
Your spell library contained the following spells:

 Spells                   Type           Power        Failure   Level  Hunger
 Corona                   Hex            #......      95%         1    ##.....
 Flame Tongue             Conj/Fire      #....        95%         1    ##.....
 Freeze                   Ice            #...         95%         1    ##.....
 Searing Ray              Conj           #.....       99%         2    ###....
 Shroud of Golubria       Chrm/Tloc      #.........   99%         2    ###....
 Slow                     Hex            #.......     99%         2    ###....
 Swiftness                Chrm/Air       #.......     99%         2    ###....
 Throw Flame              Conj/Fire      #.....       99%         2    ###....
 Conjure Flame            Conj/Fire      #.......     100%        3    ####...
 Inner Flame              Hex/Fire       #.......     100%        3    ####...
 Portal Projectile        Hex/Tloc       #.....       100%        3    ####...
 Cause Fear               Hex            #.........   100%        4    #####..
 Leda's Liquefaction      Hex/Erth       #.........   100%        4    #####..
 Sticky Flame             Conj/Fire      #.......     100%        4    #####..
 Bolt of Magma            Conj/Fire/Erth #.........   100%        5    ######.
 Excruciating Wounds      Chrm/Necr      #.........   100%        5    ######.
 Fireball                 Conj/Fire      #.........   100%        5    ######.
 Iskenderun's Battlesphe  Conj/Chrm      #.......     100%        5    ######.
 Venom Bolt               Conj/Pois      #.........   100%        5    ######.
 Darkness                 Hex            #.........   100%        6    #######
 Freezing Cloud           Conj/Ice/Air   #.........   100%        6    #######
 Iron Shot                Conj/Erth      #.........   100%        6    #######
 Haunt                    Necr/Summ      #.........   100%        7    #######
 Orb of Destruction       Conj           #.........   100%        7    #######
 Spellforged Servitor     Conj/Summ      #.........   100%        7    #######
 Borgnjor's Revivificati  Necr           #.........   100%        8    #######
 Death's Door             Chrm/Necr      #.........   100%        8    #######
 Infestation              Necr           #.........   100%        8    #######
 Necromutation            Tmut/Necr      #.........   100%        8    #######


Dungeon Overview and Level Annotations

Branches:
Dungeon (14/15)            Temple (1/1) D:5            Lair (6/6) D:9
 Shoals (4/4) Lair:4       Spider (4/4) Lair:4        Slime (0/5) Lair:6
    Orc (2/2) D:12            Elf (0/3) Orc:2        Vaults (0/5) D:14

Altars:
Cheibriados
Dithmenos
Elyvilon
Gozag
Kikubaaqudgha
Makhleb
Nemelex Xobeh
Sif Muna
Uskayaw
Vehumet
Yredelemnul
Zin
The Shining One
Jiyva

Shops:
D:6 ?*   D:11 ([!   Orc:2 **}=[   Shoals:2 !   Shoals:4 (}

Annotations:
D:7 exclusion: statue
D:11 2 runed translucent doors
D:14 exclusion: Roxanne, Roxanne
Lair:1 1 runed translucent door, Kufoaseq's ghost, journeyman GnSk
Lair:3 1 runed translucent door, Aningoam's ghost, journeyman DDBe
Spider:1 2 transporters


Message History

You are engulfed in a cloud of scalding steam.
The flames covering the snapping turtle go out.
The snapping turtle stops burning.
Your smoke demon hits the snapping turtle but does no damage.
Your smoke demon hits the snapping turtle.
Your smoke demon hits the snapping turtle but does no damage.
The snapping turtle barely misses you.
You see here an arrow.
You take 16 damage, and have 74/166 hp.
Your smoke demon hits the snapping turtle but does no damage. x2
Your smoke demon barely misses the snapping turtle.
The snapping turtle bites your smoke demon.
The satyr shoots an arrow.
The arrow completely misses you.
You hear a splash.
You regained 2 hp, and now have 76/166 hp.
You hit the satyr. You freeze the satyr. You hit the plant but do no damage.
Your smoke demon gestures at the snapping turtle.
The ball of steam hits the snapping turtle!!
Your unstable footing causes you to fumble your attack.
The satyr shoots an arrow.
The arrow hits you but does no damage.
You hear a splash.
The snapping turtle is engulfed in a cloud of scalding steam.
The snapping turtle completely misses you.
Your unstable footing causes you to fumble your attack.
The snapping turtle bites you but does no damage.
The satyr shoots an arrow.
The arrow hits you.
You hear a splash.
You take 5 damage, and have 72/166 hp.
You slice the satyr!! You freeze the satyr! You hit the plant.
You freeze the plant.
You are engulfed in a cloud of scalding steam.
Your smoke demon gestures at the satyr.
The satyr is smitten.
The snapping turtle misses you.
You hit the satyr but do no damage. You slash the plant! You freeze the plant.
The plant is engulfed in a cloud of scalding steam.
The satyr shoots an arrow.
The arrow hits you!
You hear a splash.
The snapping turtle is engulfed in a cloud of scalding steam.
The snapping turtle bites you from afar!
You take 17 damage, and have 55/166 hp.
Your unstable footing causes you to fumble your attack.
The satyr shoots an arrow.
The arrow hits you!!
* * * LOW HITPOINT WARNING * * *
You hear a splash.
You take 21 damage, and have 34/166 hp.
Your unstable footing causes you to fumble your attack.
The snapping turtle bites you from afar.
* * * LOW HITPOINT WARNING * * *
You closely miss the satyr. You hit the plant but do no damage.
Your smoke demon hits the satyr!
The satyr dies!
Makhleb accepts your kill.
You hear a splash. x3
The snapping turtle barely misses you. The snapping turtle bites you!
* * * LOW HITPOINT WARNING * * *
A merfolk avatar comes into view.
Your smoke demon hits the snapping turtle but does no damage.
Your smoke demon hits the snapping turtle.
Your smoke demon hits the snapping turtle but does no damage.
The snapping turtle bites you but does no damage.
You take 9 damage, and have 26/166 hp.
Your unstable footing causes you to fumble your attack.
The merfolk avatar chants a haunting song.
You resist with almost no effort.
Your smoke demon hits the snapping turtle.
Your smoke demon hits the snapping turtle but does no damage. x2
You slash the snapping turtle!
The snapping turtle seems to slow down.
You freeze the snapping turtle. You slash the plant! You freeze the plant.
You hit the plant but do no damage.
Shadowy forms rise from the deep at the merfolk avatar's song!
The snapping turtle bites you but does no damage.
Your unstable footing causes you to fumble your attack.
Your smoke demon barely misses the snapping turtle.
Your smoke demon hits the snapping turtle but does no damage. x2
The merfolk avatar chants a haunting song.
You resist with almost no effort.
You strike the helpless snapping turtle from behind!
You carve the snapping turtle like a ham!!!
The snapping turtle seems to slow down.
You freeze the snapping turtle.
You kill the snapping turtle!
Makhleb accepts your kill.
You feel better.
You slash the plant! You freeze the plant. You slash the plant!
You freeze the plant.
You regained 20 hp, and now have 48/166 hp.
The merfolk avatar chants a haunting song.
You resist with some effort. The drowned soul touches you.
The drowned soul drowns you!
* * * LOW HITPOINT WARNING * * *
You take 16 damage, and have 34/166 hp.
The drowned soul touches you. The drowned soul drowns you!
* * * LOW HITPOINT WARNING * * *
The drowned soul touches you. The drowned soul drowns you!
* * * LOW HITPOINT WARNING * * *
The drowned soul touches you. The drowned soul drowns you!
* * * LOW HITPOINT WARNING * * *
You take 30 damage, and have 4/166 hp.
You slash the merfolk avatar! You freeze the merfolk avatar.
The drowned soul touches you. The drowned soul drowns you!
You die...

≈≈≈≈..........≈≈≈≈≈≈≈
≈≈≈≈≈≈≈≈≈≈≈≈≈≈....≈≈≈≈≈≈
≈≈≈≈≈≈≈≈≈≈(≈≈≈≈≈..≈≈≈≈≈≈
≈≈≈≈≈≈≈≈≈≈≈≈≈≈≈≈≈≈≈≈≈≈≈≈
≈≈≈≈≈≈≈≈≈≈≈≈≈≈≈≈≈≈≈≈≈≈≈≈
≈≈≈≈≈≈≈≈≈≈≈≈≈≈≈≈≈≈≈≈≈≈≈≈
≈≈≈≈≈≈≈≈≈)PPP≈(≈≈≈≈≈≈≈≈.
≈≈W≈≈≈m≈≈≈≈≈P≈(≈≈≈≈≈≈≈..
≈≈≈≈∩≈≈@≈P≈≈≈≈)≈≈≈≈≈≈≈..
≈≈≈≈≈≈W3≈≈≈(((((≈≈≈≈(≈.(
≈≈≈≈≈≈≈P≈≈≈(≈†≈≈≈≈≈≈≈≈..
≈≈≈≈P≈≈P≈≈(((≈)()≈≈≈....
≈≈≈≈≈≈≈≈)(≈≈≈≈≈(≈≈≈≈.P..
≈≈≈≈≈≈≈≈≈P≈PP≈≈≈(≈P≈.P..
≈≈≈≈≈≈≈≈≈≈PPP≈≈)≈≈P.....
≈≈≈≈≈≈≈≈≈P#PPP#P≈P..PP..
≈≈≈≈≈≈≈###P###P≈≈......


You could see a merfolk avatar, 2 drowned souls and a friendly smoke demon.

Vanquished Creatures
  Polyphemus (Shoals:3)
  Frances (D:13)
  Kirke (D:13)
  Ilsuiw (Shoals:4)
  2 ghost moths (Spider:4)
  A frost giant (IceCv)
  2 emperor scorpions
  An entropy weaver (Spider:1)
  2 stone giants (Orc:1)
  3 spark wasps
  5 merfolk javelineers (Shoals:4)
  An ettin (D:13)
  2 merfolk impalers
  2 fire dragons
  5 hydras
  2 merfolk avatars (Shoals:4)
  A catoblepas (Shoals:3)
  2 merfolk aquamancers (Shoals:4)
  A death knight (D:14)
  5 two-headed ogres
  3 centaur warriors
  A satyr (Shoals:4)
  An alligator snapping turtle (Shoals:4)
  5 death yaks
  An orc high priest (Orc:2)
  A fire crab (Lair:6)
  6 sea snakes
  A skeletal warrior (D:14)
  2 unseen horrors
  2 lindwurms (Lair:6)
  7 harpies
  13 orb spiders
  A deep elf mage (D:9)
  2 ugly things
  4 cyclopes
  5 orc sorcerers
  9 fauns
  2 orc knights
  A faun (shapeshifter) (D:14)
  A moth of wrath (shapeshifter) (D:11)
  23 wolf spiders
  4 manticores
  3 moths of wrath
  5 merfolk sirens
  An ice statue (IceCv)
  4 water nymphs
  8 black mambas
  A gargoyle (D:11)
  2 molten gargoyles (Lair:6)
  11 spiny frogs
  2 torpor snails
  A centaur zombie (D:12)
  5 rime drakes
  A kobold demonologist (D:13)
  9 komodo dragons
  6 demonic crawlers
  An efreet (D:11)
  2 freezing wraiths (D:14)
  5 trolls
  3 meliai (D:14)
  9 merfolk
  23 jumping spiders
  3 wind drakes
  Grinder (D:6)
  20 polar bears
  6 hornets
  14 blink frogs
  4 dream sheep (Shoals:1)
  3 slime creatures
  6 snapping turtles
  10 hippogriffs
  A redback (shapeshifter) (D:14)
  32 tarantellas
  53 redbacks
  2 shadows
  66 yaks
  6 wyverns
  7 basilisks
  3 water elementals (Shoals:1)
  2 wraiths
  A steam dragon (Lair:6)
  5 hungry ghosts
  5 hogs (D:13)
  4 vampire mosquitoes (D:12)
  An acid dragon (D:12)
  2 wargs (Orc:2)
  Duvessa (D:5)
  8 water moccasins
  4 hell hounds (Lair:6)
  7 porcupines
  16 orc warriors
  3 sky beasts
  A black bear (D:11)
  3 ice beasts
  A necrophage (D:9)
  10 ogres
  A tengu (shapeshifter) (D:14)
  21 wolves
  9 centaurs
  2 big kobolds (D:13)
  18 crocodiles
  23 bullfrogs
  Blork the orc (D:6)
  A gnoll sergeant (D:12)
  2 wyvern skeletons
  Dowan (D:5)
  7 scorpions
  5 killer bees (D:10)
  2 vampire bats (Lair:3)
  An electric eel (Spider:4)
  3 howler monkeys
  2 crimson imps
  5 lava snakes (Lair:6)
  4 bullfrog zombies
  13 orc priests
  5 bullfrog skeletons
  3 centaur skeletons
  4 hounds
  23 orc wizards
  2 iguanas
  8 worker ants
  A hound zombie (D:11)
  2 hound skeletons
  A howler monkey zombie (D:7)
  A worker ant zombie (D:11)
  5 gnolls (D:12)
  24 adders
  5 shadow imps
  An ooze (D:2)
  An adder skeleton (D:2)
  6 worms
  A dart slug (D:2)
  3 leopard geckos
  51 orcs
  11 giant cockroaches
  6 goblins
  5 hobgoblins
  13 jackals
  7 quokkas
  2 ball pythons
  12 bats
  4 frilled lizards
  A jackal skeleton (D:4)
  17 kobolds
  A quokka skeleton (D:4)
  9 rats
  3 fungi (Lair:6)
  17 plants
925 creatures vanquished.

Vanquished Creatures (collateral kills)
  Arachne (Spider:4)
  2 emperor scorpions (Spider:4)
  An entropy weaver (Spider:4)
  A merfolk impaler (Shoals:4)
  A hydra (Lair:6)
  A centaur warrior (D:13)
  2 satyrs (Shoals:4)
  4 orb spiders (Spider:4)
  3 wolf spiders (Spider:4)
  3 fauns (Shoals:4)
  A centaur skeleton (D:13)
  3 jumping spiders (Spider:4)
  2 hornets (Spider:4)
  2 slime creatures (D:13)
  2 blink frogs (Lair:6)
  A hippogriff (Lair:6)
  8 redbacks (Spider:4)
  A basilisk (Lair:6)
  A centaur (D:13)
  An electric eel (Spider:4)
  A fungus (Lair:6)
42 creatures vanquished.

Vanquished Creatures (others)
  A merfolk javelineer (Shoals:4)
  A manticore (Shoals:4)
  A human (D:13)
  An orc (Orc:2)
  3 fungi
  27 plants
34 creatures vanquished.

Grand Total: 1001 creatures vanquished

Notes
Turn   | Place    | Note
-------+----------+-------------------------------------------
     0 | D:1      | Firecrotchwizard the Hill Orc Fighter began the quest for
                  | the Orb.
     0 | D:1      | Reached XP level 1. HP: 19/19 MP: 1/1
   242 | D:1      | Reached XP level 2. HP: 26/27 MP: 2/2
   260 | D:1      | Reached skill level 3 in Axes
   946 | D:2      | Reached skill level 4 in Fighting
   949 | D:2      | Reached XP level 3. HP: 33/33 MP: 3/3
  1058 | D:2      | Reached XP level 4. HP: 28/40 MP: 4/4
  1272 | D:2      | Reached skill level 4 in Armour
  1345 | D:2      | Found a snail-covered altar of Cheibriados.
  1361 | D:2      | Found a basalt altar of Yredelemnul.
  1362 | D:2      | Found a sparkling altar of Nemelex Xobeh.
  1365 | D:2      | Found a shadowy altar of Dithmenos.
  1462 | D:2      | Reached skill level 4 in Shields
  1934 | D:3      | Reached skill level 4 in Axes
  2187 | D:3      | Reached XP level 5. HP: 47/47 MP: 5/5
  3397 | D:4      | Reached skill level 5 in Fighting
  3397 | D:4      | Reached XP level 6. HP: 39/56 MP: 6/6
  3561 | D:4      | Found a deep blue altar of Sif Muna.
  3746 | D:5      | Entered Level 5 of the Dungeon
  3746 | D:5      | Noticed Duvessa
  3746 | D:5      | Noticed Dowan
  3751 | D:5      | Killed Duvessa
  3751 | D:5      | Reached skill level 5 in Axes
  3759 | D:5      | Killed Dowan
  4033 | D:5      | Reached skill level 5 in Shields
  4112 | D:5      | Reached skill level 6 in Axes
  4112 | D:5      | Reached XP level 7. HP: 59/61 MP: 7/7
  4126 | D:5      | Identified the +2 rapier of Intuition {pain, *Slow rF+
                  | Stlth+}
  4573 | D:5      | Reached skill level 6 in Fighting
  4613 | D:5      | Reached skill level 7 in Axes
  4691 | D:5      | Reached XP level 8. HP: 24/70 MP: 8/8
  4954 | D:5      | Found a staircase to the Ecumenical Temple.
  5079 | Temple   | Entered the Ecumenical Temple
  5082 | Temple   | Became a worshipper of Makhleb the Destroyer
  5357 | D:6      | Found Nymemn's General Store.
  5409 | D:6      | Found Salappaw's Magic Scroll Shop.
  5420 | D:6      | Bought a scroll of teleportation for 30 gold pieces
  5420 | D:6      | Bought a scroll of blinking for 75 gold pieces
  5420 | D:6      | Bought a scroll of teleportation for 30 gold pieces
  5420 | D:6      | Bought a scroll of enchant armour for 75 gold pieces
  5487 | D:6      | Noticed Blork the orc
  5497 | D:6      | Killed Blork the orc
  5617 | D:6      | Noticed Grinder
  5621 | D:6      | Paralysed by Grinder for 7 turns
  5647 | D:6      | Reached skill level 8 in Axes
  5647 | D:6      | Reached skill level 1 in Invocations
  5653 | D:6      | Killed Grinder
  5653 | D:6      | Reached skill level 6 in Shields
  5653 | D:6      | Reached skill level 2 in Invocations
  6306 | D:7      | Reached skill level 7 in Fighting
  6306 | D:7      | Reached skill level 9 in Axes
  6340 | D:7      | Reached skill level 3 in Invocations
  6388 | D:7      | Found a white marble altar of Elyvilon.
  6446 | D:7      | Found a radiant altar of Vehumet.
  6506 | D:7      | Reached XP level 9. HP: 75/79 MP: 11/11
  6594 | D:7      | Reached skill level 4 in Invocations
  6749 | D:7      | You fall through a shaft for 3 floors!
  6749 | D:10     | Entered Level 10 of the Dungeon
  6817 | D:10     | Reached skill level 10 in Axes
  6831 | D:10     | Reached skill level 7 in Shields
  7289 | D:10     | Reached * piety under Makhleb
  7355 | D:9      | Noticed a troll
  7374 | D:9      | Found the ring of Robustness {AC+8}
  7387 | D:9      | Noticed a deep elf mage
  7389 | D:9      | Killed a troll
  7389 | D:9      | Reached skill level 8 in Fighting
  7389 | D:9      | Reached skill level 5 in Invocations
  7589 | D:9      | Identified the Papyrus of the Countless Friends
  7678 | D:9      | Killed a deep elf mage
  7678 | D:9      | Reached skill level 11 in Axes
  7703 | D:9      | Reached skill level 6 in Invocations
  7703 | D:9      | Reached XP level 10. HP: 88/90 MP: 14/14
  7742 | D:9      | Got a translucent pewter ring
  7743 | D:9      | Identified the ring of Reimbursement {+Fly Int+3 Dex+3}
                  | (You found it on level 9 of the Dungeon)
  8042 | D:8      | Reached skill level 8 in Shields
  8515 | D:8      | Noticed a two-headed ogre
  8526 | D:8      | Killed a two-headed ogre
  8526 | D:8      | Reached skill level 9 in Fighting
  8526 | D:8      | Reached skill level 12 in Axes
  8593 | D:8      | Found a hide-covered altar of Uskayaw.
  9185 | D:9      | Found a staircase to the Lair.
  9219 | D:9      | Found a glowing golden altar of the Shining One.
  9388 | D:9      | Found an ancient bone altar of Kikubaaqudgha.
  9524 | D:10     | Reached skill level 7 in Invocations
  9708 | D:10     | Reached ** piety under Makhleb
  9915 | D:10     | Paralysed by a hornet for 2 turns
 10236 | Lair:1   | Entered Level 1 of the Lair of Beasts
 10236 | Lair:1   | Noticed a spiny frog
 10251 | Lair:1   | Killed a spiny frog
 10251 | Lair:1   | Reached skill level 13 in Axes
 10274 | Lair:1   | Noticed a spiny frog
 10280 | Lair:1   | Killed a spiny frog
 10283 | Lair:1   | Noticed a black mamba
 10291 | Lair:1   | Reached skill level 8 in Invocations
 10291 | Lair:1   | Reached XP level 11. HP: 63/99 MP: 15/17
 10311 | Lair:1   | Reached skill level 9 in Shields
 10577 | D:11     | Noticed a cyclops
 10646 | D:11     | Found Tagokea's Distillery.
 10710 | D:11     | Noticed a two-headed ogre
 10711 | D:11     | Paralysed by a floating eye for 2 turns
 10716 | D:11     | Noticed a moth of wrath
 10725 | D:11     | Killed a two-headed ogre
 10725 | D:11     | Reached skill level 10 in Fighting
 10731 | D:11     | Killed a moth of wrath
 11143 | Lair:1   | Noticed a spriggan rider
 11144 | Lair:1   | Found a runed translucent door.
 11145 | Lair:1   | Noticed Kufoaseq's ghost (journeyman GnSk)
 11147 | Lair:1   | Identified the +10 trident of Judgement {vamp, rC+ SInv}
 11261 | Lair:1   | Reached skill level 14 in Axes
 11272 | Lair:1   | Reached skill level 9 in Invocations
 11319 | Lair:1   | Upgraded the game from 0.23-a0-860-g8ff03fb to
                  | 0.23-a0-891-g16004d8
 11578 | Lair:1   | Got an encrusted broad axe
 11580 | Lair:1   | Identified the cursed +2 broad axe "Hejucud" {flame, Str+2
                  | Int+5} (You found it on level 1 of the Lair of Beasts)
 12021 | Lair:2   | Reached *** piety under Makhleb
 12032 | Lair:2   | Reached skill level 10 in Shields
 12201 | Lair:2   | Noticed a wolf spider
 12272 | Lair:2   | Reached skill level 15 in Axes
 12272 | Lair:2   | Reached XP level 12. HP: 108/108 MP: 17/19
 12276 | Lair:2   | Reached skill level 11 in Fighting
 12318 | Lair:2   | Reached skill level 10 in Invocations
 13083 | Lair:3   | Noticed a four-headed hydra
 13092 | Lair:3   | Killed a one-headed hydra
 13120 | Lair:3   | Found a runed translucent door.
 13121 | Lair:3   | Noticed Aningoam's ghost (journeyman DDBe)
 13421 | Lair:3   | Reached skill level 16 in Axes
 13609 | Lair:3   | Reached **** piety under Makhleb
 13730 | Lair:4   | Found a hole to the Spider Nest.
 13818 | Lair:4   | Reached skill level 11 in Invocations
 13931 | Lair:4   | Found a staircase to the Shoals.
 13940 | Lair:4   | Reached skill level 11 in Shields
 14104 | Lair:4   | Noticed a six-headed hydra
 14114 | Lair:4   | Killed a two-headed hydra
 14114 | Lair:4   | Reached skill level 12 in Fighting
 14236 | Lair:4   | Reached XP level 13. HP: 118/118 MP: 19/21
 14885 | Lair:5   | Reached skill level 17 in Axes
 15155 | Lair:5   | Found a frozen archway.
 15196 | IceCv    | Entered an ice cave
 15219 | IceCv    | Reached skill level 5 in Armour
 15257 | IceCv    | Reached skill level 12 in Invocations
 15482 | IceCv    | Reached ***** piety under Makhleb
 15628 | IceCv    | Reached skill level 12 in Shields
 15666 | IceCv    | Reached skill level 6 in Armour
 15692 | IceCv    | Reached skill level 13 in Fighting
 15774 | IceCv    | Noticed a frost giant
 15794 | IceCv    | Killed a frost giant
 15800 | IceCv    | Reached XP level 14. HP: 129/129 MP: 19/23
 15814 | IceCv    | Reached skill level 13 in Invocations
 15844 | IceCv    | Identified the Handbook of Harmful Ice
 16169 | Lair:6   | Entered Level 6 of the Lair of Beasts
 16263 | Lair:6   | Reached skill level 7 in Armour
 16454 | Lair:6   | Found a viscous altar of Jiyva.
 16454 | Lair:6   | Found a staircase to the Slime Pits.
 16933 | Lair:6   | Found a large runed door.
 16934 | Lair:6   | Found a large runed door.
 16960 | Lair:6   | Reached skill level 8 in Armour
 17025 | Lair:6   | Found the +10 zealot's sword {holy, *Rage rN+ EV+3}
 17144 | Lair:6   | Reached skill level 14 in Fighting
 18047 | D:11     | Reached skill level 14 in Invocations
 18087 | D:11     | Reached skill level 1 in Dodging
 18235 | D:11     | Found a runed translucent door.
 18466 | D:11     | Found Huameb's Armour Boutique.
 18477 | D:11     | Found Fiprughe's Weapon Boutique.
 18670 | D:11     | Reached ****** piety under Makhleb
 18677 | D:11     | Found a runed translucent door.
 18734 | D:11     | Got a steaming steel ring
 18736 | D:11     | Identified the ring of Myarry {MR+ Str+2 Int+4 Dex+3
                  | Stlth+} (You found it on level 11 of the Dungeon)
 18746 | D:11     | Got an ichor-stained robe
 18893 | D:12     | Reached skill level 2 in Dodging
 18968 | D:12     | Reached skill level 9 in Armour
 19255 | D:12     | Found a staircase to the Orcish Mines.
 19333 | D:13     | Noticed Kirke
 19355 | D:13     | Noticed a sphinx
 19359 | D:13     | Killed Kirke
 19359 | D:13     | Reached XP level 15. HP: 82/139 MP: 11/25
 19591 | D:13     | Found an opulent altar of Gozag.
 19593 | D:13     | Reached skill level 3 in Dodging
 19620 | D:13     | Noticed Frances
 19634 | D:13     | Killed Frances
 19800 | D:13     | Got steaming gold dragon scales
 19801 | D:13     | Identified the cursed +0 gold dragon scales of Koecza
                  | {*Corrode rPois rF+ rC+ Str+4 Dex+3} (You found it on level
                  | 13 of the Dungeon)
 19950 | D:13     | Got a steaming helmet
 19961 | D:13     | Identified the +0 helmet of Mayf {Int-4 Dex+6} (You found
                  | it on level 13 of the Dungeon)
 20209 | D:13     | Found a portal to a secret trove of treasure.
 20512 | D:13     | Reached skill level 15 in Fighting
 20625 | D:14     | Identified Roxanne's Disquisition on the Mountains
 20625 | D:14     | Noticed Roxanne
 20666 | D:14     | Reached skill level 10 in Armour
 21023 | D:14     | Found a gate to the Vaults.
 21029 | D:14     | Reached skill level 4 in Dodging
 21615 | Orc:1    | Entered Level 1 of the Orcish Mines
 21645 | Orc:1    | Reached skill level 18 in Axes
 21998 | Orc:2    | Entered Level 2 of the Orcish Mines
 21998 | Orc:2    | Found Tiocwimi's Antique Armour Emporium.
 22521 | Orc:2    | Found Cucva's General Store.
 22521 | Orc:2    | Found Tohovva's General Store.
 22521 | Orc:2    | Found Fofo's Gadget Boutique.
 22526 | Orc:2    | Found Wacesein's Jewellery Boutique.
 22529 | Orc:2    | Bought an uncursed amulet of regeneration for 390 gold
                  | pieces
 22810 | Orc:2    | Found a staircase to the Elven Halls.
 23233 | Orc:2    | Bought a pair of runed gloves for 240 gold pieces
 23348 | D:11     | Bought a +2 pair of boots of running for 664 gold pieces
 23524 | D:6      | Bought a scroll of enchant armour for 75 gold pieces
 23524 | D:6      | Bought a scroll of acquirement for 520 gold pieces
 23699 | Spider:1 | Entered Level 1 of the Spider Nest
 23829 | Spider:1 | Reached skill level 5 in Dodging
 24229 | Spider:1 | Reached skill level 11 in Armour
 24270 | Spider:1 | Found a transporter.
 24289 | Spider:1 | Found a transporter.
 24289 | Spider:1 | Noticed an emperor scorpion
 24291 | Spider:1 | Found the ring of the Octopus King
 24354 | Spider:1 | Reached XP level 16. HP: 150/150 MP: 26/26
 24922 | Spider:2 | Reached skill level 16 in Fighting
 24996 | Spider:2 | Reached skill level 6 in Dodging
 25785 | Spider:3 | Reached skill level 19 in Axes
 26675 | Spider:4 | Entered Level 4 of the Spider Nest
 26696 | Spider:4 | Reached skill level 7 in Dodging
 26913 | Spider:4 | Noticed Arachne
 26924 | Spider:4 | Killed Arachne
 26990 | Spider:4 | Reached skill level 17 in Fighting
 27208 | Spider:4 | Reached XP level 17. HP: 161/161 MP: 27/27
 27224 | Spider:4 | Reached skill level 8 in Dodging
 27246 | Spider:4 | Got a gossamer rune of Zot
 27645 | Shoals:1 | Entered Level 1 of the Shoals
 27687 | Shoals:1 | Reached skill level 20 in Axes
 28351 | Shoals:2 | Found Pezew's Distillery.
 29042 | D:13     | You paid a toll of +4 fire dragon scales to enter a
                  | treasure trove
 29043 | Trove    | Entered a treasure trove
 29369 | Shoals:3 | Noticed Polyphemus
 29398 | Shoals:3 | Killed Polyphemus
 29626 | Shoals:3 | Reached skill level 9 in Dodging
 29860 | Shoals:3 | Reached skill level 12 in Armour
 29926 | Shoals:4 | Entered Level 4 of the Shoals
 29937 | Shoals:4 | Reached skill level 18 in Fighting
 29981 | Shoals:4 | Noticed Ilsuiw
 30015 | Shoals:4 | Killed Ilsuiw
 30415 | Shoals:4 | HP: 19/163 [satyr/arrow (23)]
 30418 | Shoals:3 | HP: 1/163 [poisoned by a sea snake]
 30618 | Shoals:4 | Found Cele's Gadget Shoppe.
 30892 | Shoals:3 | Upgraded the game from 0.23-a0-891-g16004d8 to 0.24-a0
 30989 | Shoals:4 | Found Foigin's Weapon Emporium.
 31027 | Shoals:4 | HP: 34/166 [satyr/arrow (21)]
 31037 | Shoals:4 | HP: 34/166 [drowned by a drowned soul[a merfolk avatar]
                  | (17)]
 31038 | Shoals:4 | HP: 4/166 [drowned by a drowned soul[a merfolk avatar]
                  | (13)]
 31039 | Shoals:4 | Drowned by a drowned soul

Vault maps used:
D:1:      dpeg_arrival_shrine, minmay_misc_feat_enclosed, minivault_19,
          minmay_worlds_worst_comb
D:2:      kennysheep_slug_shrine, minitemple, minmay_parallelograms,
          uniq_terence
D:4:      kennysheep_little_box, first_ration
D:5:      minmay_temple_entry_statues_pillars, minmay_checkerbox, uniq_duvessa
D:6:      serial_shops, nicolae_shop_crystal, nicolae_shop_trees,
          minmay_misc_feat_more_columns, st_stairs_12, uniq_blork_the_orc,
          uniq_grinder
D:7:      vehumet_statue, marbit_many_paths, grunt_ogre_cave
D:8:      kennysheep_mini
D:9:      kiku_gazebo_pond_becter, tso_altar, dpeg_oklobed_lair,
          minmay_diamond_spiral
D:11:     minmay_the_grid_triangle_9x9_line_8_mashed, serial_shops, shop, shop,
          shop
D:12:     david_orc_4, dk_noncrumbling_4
D:13:     basic_altar, enter_trove_0, kennysheep_just_a_vault, uniq_kirke,
          uniq_frances
D:14:     david_vaults_2, minmay_crystal_water, hangedman_decor_clover_reticule,
          serial_park_tiny_1, uniq_roxanne
Temple:   nicolae_temple_hex_pool
Lair:1:   ebering_ghost_funeral_grove, chequers_serial_rivers_room_b,
          grunt_megastairs_4
Lair:2:   minmay_lair_venomous_thicket, minmay_stone_trees_small,
          grunt_megastairs_5, serial_bayou_shore_b
Lair:3:   ebering_ghost_reflecting_pool, roderic_batcave, st_stairs_13
Lair:4:   minmay_shoals_entry_lonely_mermaid, nicolae_spider_entry_non_spiders
Lair:5:   portal_ice_cave_entry_animals_and_master,
          chequers_serial_rivers_marsh, serial_bayou_shore_b
Lair:6:   cheibrodos_lair_end_hotspot, dpeg_slime_entry_enclosed_altar,
          chequers_serial_rivers_small_a, chequers_serial_rivers_micro_b
Shoals:1: cheibrodos_shoals_roost
Shoals:2: serial_shops, shop
Shoals:3: uniq_polyphemus
Shoals:4: shoals_end_grunt_garden, shoal_ilsuiw, serial_shops,
          nicolae_shop_overgrown_old_shop, nicolae_shop_statue_plus,
          nicolae_shop_waterfront, shop
Spider:1: gammafunk_the_bubble
Spider:2: guppyfry_hornet_nest, nicolae_spider_cling_ruins
Spider:3: nicolae_spider_cling_halls
Spider:4: spider_rune_water, uniq_arachne
Orc:2:    st_orc_mages, serial_shops, nicolae_shop_overgrown_old_shop
Trove:    trove_wands_scrolls
IceCv:    ice_cave_caverns_01

Skill      XL: |  1  2  3  4  5  6  7  8  9 10 11 12 13 14 15 16 17 |
---------------+----------------------------------------------------+-----
Axes           | 3 4 6 7 9 11 13 15 16 17 18 19 20 | 20.0
Fighting       | 4 5 6 7 8 9 10 12 13 14 15 17 18 | 18.3
Armour         | 4 6 9 11 12 | 12.6
Shields        | 4 5 6 7 8 10 11 12 | 12.7
Invocations    | 3 6 8 9 11 12 14 | 14.1
Dodging        | 2 5 7 9 |  9.6

Action                   |  1- 3 |  4- 6 |  7- 9 | 10-12 | 13-15 | 16-18 || total
-------------------------+-------+-------+-------+-------+-------+-------++-------
Melee: War axe           |   110 |   185 |   310 |   252 |       |       ||   857
       Broad axe         |       |       |       |   275 |   873 |       ||  1148
       Unarmed           |       |       |       |       |    10 |       ||    10
       Battleaxe         |       |       |       |       |   237 |   732 ||   969
Throw: Stone             |    23 |    54 |       |       |       |       ||    77
       Tomahawk          |       |     4 |    48 |   105 |   202 |     5 ||   364
Invok: Minor Destruction |       |       |       |    10 |       |       ||    10
       Major Destruction |       |       |       |       |     3 |     6 ||     9
       Lesser Servant of |       |       |       |       |     1 |     4 ||     5
       Greater Servant o |       |       |       |       |     1 |     3 ||     4
Evoke: Wand              |       |       |     7 |     5 |     2 |     1 ||    15
  Use: Scroll            |       |     5 |     9 |    14 |     9 |    15 ||    52
       Potion            |       |     1 |     1 |     2 |       |     4 ||     8
 Stab: Distracted        |       |       |       |       |     1 |     6 ||     7
       Invisible         |       |       |       |       |       |     4 ||     4
  Eat: Chunk             |     1 |     6 |    12 |    26 |    21 |     8 ||    74
       Ration            |       |     1 |       |       |     5 |     5 ||    11
Armor: Scale mail        |    60 |    59 |       |       |       |       ||   119
       Plate armour      |       |    14 |   181 |   275 |   706 |   721 ||  1897
Dodge: Dodged            |    39 |    49 |    41 |   109 |   285 |   415 ||   938
Block: Shield            |    66 |    94 |   161 |   260 |   492 |       ||  1073

Table legend:
 A = Non-vault XP
 B = Vault XP
 C = Vault XP percentage of total XP
 D = Non-vault monster count
 E = Vault monster count
 F = Vault count percentage of total count
                 A         B        C        D         E       F
            +---------+---------+-------+---------+---------+-------
      Total |  141897 |   96921 |  40.6 |     638 |     310 |  32.7
            +---------+---------+-------+---------+---------+-------
        D:1 |      20 |      10 |  33.3 |      14 |       5 |  26.3
        D:2 |     111 |       4 |   3.5 |      29 |       1 |   3.3
        D:3 |      24 |       0 |   0.0 |      15 |       0 |   0.0
        D:4 |     176 |       0 |   0.0 |      10 |       0 |   0.0
        D:5 |     478 |     390 |  44.9 |      17 |       4 |  19.0
        D:6 |      96 |     388 |  80.2 |       3 |       3 |  50.0
        D:7 |     828 |     161 |  16.3 |      18 |       2 |  10.0
        D:8 |    1524 |       0 |   0.0 |      13 |       0 |   0.0
        D:9 |     278 |    1242 |  81.7 |      11 |       4 |  26.7
       D:10 |    2580 |       0 |   0.0 |      33 |       0 |   0.0
       D:11 |    2947 |    5295 |  64.2 |      18 |      19 |  51.4
       D:12 |    2442 |     640 |  20.8 |      21 |      14 |  40.0
       D:13 |    9917 |    5966 |  37.6 |      44 |       8 |  15.4
       D:14 |    7353 |     883 |  10.7 |      21 |       3 |  12.5
     Lair:1 |    4605 |       0 |   0.0 |      22 |       0 |   0.0
     Lair:2 |    4860 |    3071 |  38.7 |      25 |      18 |  41.9
     Lair:3 |    5119 |     121 |   2.3 |      22 |       8 |  26.7
     Lair:4 |    4615 |     654 |  12.4 |      15 |       9 |  37.5
     Lair:5 |    5159 |    1968 |  27.6 |      18 |       8 |  30.8
     Lair:6 |   10249 |    7323 |  41.7 |      38 |      26 |  40.6
   Shoals:1 |   12287 |    3691 |  23.1 |      31 |       6 |  16.2
   Shoals:2 |    1712 |       0 |   0.0 |       5 |       0 |   0.0
   Shoals:3 |    4805 |    5004 |  51.0 |       9 |       4 |  30.8
   Shoals:4 |    3498 |   18223 |  83.9 |       5 |      28 |  84.8
   Spider:1 |   13166 |       0 |   0.0 |      33 |       0 |   0.0
   Spider:2 |    9679 |     276 |   2.8 |      29 |       1 |   3.3
   Spider:3 |   16385 |       0 |   0.0 |      52 |       0 |   0.0
   Spider:4 |   11045 |   21280 |  65.8 |      34 |      42 |  55.3
      Orc:1 |    3217 |    1187 |  27.0 |      14 |       3 |  17.6
      Orc:2 |    2722 |    3726 |  57.8 |      19 |      38 |  66.7
      IceCv |       0 |   15418 | 100.0 |       0 |      56 | 100.0
            +---------+---------+-------+---------+---------+-------

Vault maps used:
D:1:      dpeg_arrival_shrine, minmay_misc_feat_enclosed, minivault_19,
          minmay_worlds_worst_comb
D:2:      kennysheep_slug_shrine, minitemple, minmay_parallelograms,
          uniq_terence
D:4:      kennysheep_little_box, first_ration
D:5:      minmay_temple_entry_statues_pillars, minmay_checkerbox, uniq_duvessa
D:6:      serial_shops, nicolae_shop_crystal, nicolae_shop_trees,
          minmay_misc_feat_more_columns, st_stairs_12, uniq_blork_the_orc,
          uniq_grinder
D:7:      vehumet_statue, marbit_many_paths, grunt_ogre_cave
D:8:      kennysheep_mini
D:9:      kiku_gazebo_pond_becter, tso_altar, dpeg_oklobed_lair,
          minmay_diamond_spiral
D:11:     minmay_the_grid_triangle_9x9_line_8_mashed, serial_shops, shop, shop,
          shop
D:12:     david_orc_4, dk_noncrumbling_4
D:13:     basic_altar, enter_trove_0, kennysheep_just_a_vault, uniq_kirke,
          uniq_frances
D:14:     david_vaults_2, minmay_crystal_water, hangedman_decor_clover_reticule,
          serial_park_tiny_1, uniq_roxanne
Temple:   nicolae_temple_hex_pool
Lair:1:   ebering_ghost_funeral_grove, chequers_serial_rivers_room_b,
          grunt_megastairs_4
Lair:2:   minmay_lair_venomous_thicket, minmay_stone_trees_small,
          grunt_megastairs_5, serial_bayou_shore_b
Lair:3:   ebering_ghost_reflecting_pool, roderic_batcave, st_stairs_13
Lair:4:   minmay_shoals_entry_lonely_mermaid, nicolae_spider_entry_non_spiders
Lair:5:   portal_ice_cave_entry_animals_and_master,
          chequers_serial_rivers_marsh, serial_bayou_shore_b
Lair:6:   cheibrodos_lair_end_hotspot, dpeg_slime_entry_enclosed_altar,
          chequers_serial_rivers_small_a, chequers_serial_rivers_micro_b
Shoals:1: cheibrodos_shoals_roost
Shoals:2: serial_shops, shop
Shoals:3: uniq_polyphemus
Shoals:4: shoals_end_grunt_garden, shoal_ilsuiw, serial_shops,
          nicolae_shop_overgrown_old_shop, nicolae_shop_statue_plus,
          nicolae_shop_waterfront, shop
Spider:1: gammafunk_the_bubble
Spider:2: guppyfry_hornet_nest, nicolae_spider_cling_ruins
Spider:3: nicolae_spider_cling_halls
Spider:4: spider_rune_water, uniq_arachne
Orc:2:    st_orc_mages, serial_shops, nicolae_shop_overgrown_old_shop
Trove:    trove_wands_scrolls
IceCv:    ice_cave_caverns_01

Table legend:
 A = Turns spent in this place as a percentage of turns spent in the entire game.
 B = Non-inter-level travel turns spent in this place as a percentage of non-inter-level travel turns spent in the entire game.
 C = Inter-level travel turns spent in this place as a percentage of turns spent in this place.
 D = Turns resting spent in this place as a percentage of non-inter-level travel turns spent in this place.
 E = Turns spent auto-exploring this place as a percentage of non-inter-level travel turns spent in this place.
 F = Non-inter-level travel turns spent in this place divided by the number of levels of this place that you've seen.
                   A       B       C       D       E      F
               +-------+-------+-------+-------+-------+----------------------
         Total | 100.0 | 100.0 |  10.2 |  19.1 |  53.3 | 844.6
       Dungeon |  48.7 |  48.4 |  10.7 |  20.9 |  57.4 | 963.1
        Temple |   0.0 |   0.0 |  57.1 |   0.0 |   0.0 |   3.0
          Lair |  22.3 |  21.8 |  12.4 |  11.5 |  62.8 | 1012.0
        Shoals |   8.7 |   8.9 |   8.0 |  36.7 |  28.7 | 621.5
   Spider Nest |  12.6 |  13.0 |   7.7 |  13.6 |  48.5 | 903.5
  Orcish Mines |   5.4 |   5.4 |   9.6 |  20.9 |  49.1 | 754.0
         Trove |   0.1 |   0.1 |   0.0 |   0.0 |   0.0 |  41.0
      Ice Cave |   2.1 |   2.4 |   0.0 |  15.0 |  16.2 | 666.0
               +-------+-------+-------+-------+-------+----------------------

Table legend:
 A = Kills in this place as a percentage of kills in entire the game.
 B = Kills by you in this place as a percentage of kills by you in the entire game.
 C = Kills by friends in this place as a percentage of kills by friends in the entire game.
 D = Other kills in this place as a percentage of other kills in the entire game.
 E = Experience gained in this place as a percentage of experience gained in the entire game.
 F = Experience gained in this place divided by the number of levels of this place that you have seen.
                   A       B       C       D       E      F
               +-------+-------+-------+-------+-------+----------------------
         Total | 100.0 | 100.0 | 100.0 | 100.0 | 100.0 | 7236.9
       Dungeon |  34.8 |  35.9 |  12.2 |   0.0 |  18.3 | 3125.2
          Lair |  22.0 |  22.5 |  12.2 |   0.0 |  20.0 | 7957.3
        Shoals |   9.3 |   8.8 |  14.6 | 100.0 |  20.6 | 12305.0
   Spider Nest |  20.1 |  18.3 |  61.0 |   0.0 |  30.1 | 17957.8
  Orcish Mines |   7.8 |   8.2 |   0.0 |   0.0 |   4.5 | 5426.0
      Ice Cave |   5.9 |   6.2 |   0.0 |   0.0 |   6.5 | 15418.0
               +-------+-------+-------+-------+-------+----------------------
